HSSL
SHELBY HS ROCKETS @ BISHOP VEROT HS
05/08/2023
 
TOP OF THE 1ST
Shelby HS Rockets batting - Pitching for Bishop Verot HS : LHP Ray Morgan
Pitching: LHP Ray Morgan
Batting: SHB Cornell Payne 0-0: Ball
1-0: SINGLE (Line Drive, 89S)
Batting: SHB Woody Stanley 0-0: SINGLE (Groundball, 6D)
Cornell Payne to second
Batting: RHB Fernando Vargas 0-0: Grounds into double play, 6-4-3 (Groundball, 6M)
Cornell Payne to third
Batting: RHB Tommy Davenport 0-0: SINGLE (Line Drive, 34D)
Cornell Payne scores
Batting: RHB Jake Erickson 0-0: Called Strike
0-1: Ball
1-1: Fly out, F7 (Flyball, 78M)
Top of the 1st over - 1 run(s), 3 hit(s), 0 error(s), 1 left on base; Shelby HS 1 - Bishop Verot HS 0
BOTTOM OF THE 1ST
Bishop Verot HS batting - Pitching for Shelby HS Rockets : RHP Matt Barlow
Pitching: RHP Matt Barlow
Batting: RHB Vincent Hancock 0-0: Called Strike
0-1: Ball
1-1: Ground out 1-3 (Groundball, 13S)
Batting: RHB Luis Morales 0-0: Ball
1-0: Fly out, F7 (Flyball, 7D)
Batting: RHB Nick Vogel 0-0: Ball
1-0: Ball
2-0: Foul Ball, location: 2F
2-1: Ball
3-1: Swinging Strike
3-2: Strikes out swinging
Bottom of the 1st over - 0 run(s), 0 hit(s), 0 error(s), 0 left on base; Shelby HS 1 - Bishop Verot HS 0
TOP OF THE 2ND
Shelby HS Rockets batting - Pitching for Bishop Verot HS : LHP Ray Morgan
Batting: RHB Rich Crabtree 0-0: Called Strike
0-1: Ball
1-1: Ball
2-1: Hit by Pitch
Batting: RHB John Hill 0-0: Ball
1-0: Called Strike
1-1: Ball
2-1: Grounds into double play, 6-4-3 (Groundball, 6)
Batting: RHB Jorge Ortíz 0-0: Ball
1-0: Ground out 6-3 (Groundball, 6)
Top of the 2nd over - 0 run(s), 0 hit(s), 0 error(s), 0 left on base; Shelby HS 1 - Bishop Verot HS 0
BOTTOM OF THE 2ND
Bishop Verot HS batting - Pitching for Shelby HS Rockets : RHP Matt Barlow
Batting: RHB Kevin Magee 0-0: Called Strike
0-1: Fly out, F8 (Flyball, 8LM)
Batting: RHB Terry Perkins 0-0: Called Strike
0-1: Fly out, F9 (Line Drive, 9M)
Batting: RHB Peter Bishop 0-0: Ball
1-0: Called Strike
1-1: Called Strike
1-2: Strikes out swinging
Bottom of the 2nd over - 0 run(s), 0 hit(s), 0 error(s), 0 left on base; Shelby HS 1 - Bishop Verot HS 0
TOP OF THE 3RD
Shelby HS Rockets batting - Pitching for Bishop Verot HS : LHP Ray Morgan
Batting: RHB Walt McDonald 0-0: Ball
1-0: Foul Ball, location: 2F
1-1: Reached on error, E1 (Groundball, 13)
Batting: SHB Cornell Payne 0-0: Called Strike
0-1: Ball
1-1: Ball
Passed Ball!
Walt McDonald to second
2-1: Foul Ball, location: 2F
2-2: Strikes out swinging
Batting: SHB Woody Stanley 0-0: Ball
1-0: Called Strike
1-1: Ball
2-1: Ball
3-1: Base on Balls
Batting: RHB Fernando Vargas 0-0: Foul Ball, location: 2F
0-1: Foul Ball, location: 2F
0-2: Strikes out swinging
Batting: RHB Tommy Davenport 0-0: Called Strike
0-1: Ball
1-1: Fly out, F4 (Popup, 4M)
Top of the 3rd over - 0 run(s), 0 hit(s), 1 error(s), 2 left on base; Shelby HS 1 - Bishop Verot HS 0
BOTTOM OF THE 3RD
Bishop Verot HS batting - Pitching for Shelby HS Rockets : RHP Matt Barlow
Batting: RHB Kevin Smith 0-0: Foul Ball, location: 2F
0-1: TRIPLE (Flyball, 8LXD)
Batting: LHB Sandro Márquez 0-0: Swinging Strike
0-1: SINGLE (Line Drive, 8LS)
Kevin Smith scores
Batting: RHB Reynaldo Gómez 0-0: Ball
1-0: Called Strike
1-1: Ball
2-1: SINGLE (Groundball, 5L)
Sandro Márquez to second
Batting: RHB Vincent Hancock 0-0: Swinging Strike
0-1: Foul Ball, location: 2F
0-2: Strikes out swinging
Batting: RHB Luis Morales 0-0: Called Strike
0-1: Ball
1-1: Ball
2-1: Reached on Error, E7 (Flyball, 7LM)
Sandro Márquez to third
Reynaldo Gómez to second
Batting: RHB Nick Vogel 0-0: Ball
1-0: Ball
2-0: Grounds out, U3 (Groundball, 3L)
Sandro Márquez scores
Reynaldo Gómez to third
Batting: RHB Kevin Magee 0-0: Called Strike
0-1: Ball
1-1: Ball
2-1: Foul Ball, location: 2F
2-2: Ball
3-2: Base on Balls
Batting: RHB Terry Perkins 0-0: Called Strike
0-1: Swinging Strike
0-2: Strikes out swinging
Bottom of the 3rd over - 2 run(s), 3 hit(s), 1 error(s), 3 left on base; Shelby HS 1 - Bishop Verot HS 2
TOP OF THE 4TH
Shelby HS Rockets batting - Pitching for Bishop Verot HS : LHP Ray Morgan
Batting: RHB Jake Erickson 0-0: Foul Ball, location: 2F
0-1: Called Strike
0-2: SINGLE (Line Drive, 56)
Batting: RHB Rich Crabtree 0-0: Ball
1-0: Foul Ball, location: 2F
1-1: DOUBLE (Line Drive, 8LM)
Jake Erickson to third
Runner from 3rd tries for Home, SAFE, no throw or cutoff
Batting: RHB John Hill 0-0: Ball
1-0: Ball
2-0: Called Strike
2-1: Foul Ball, location: 2F
2-2: Foul Ball, location: 2F
2-2: Ball
3-2: Foul Ball, location: 2F
3-2: Base on Balls
Batting: RHB Jorge Ortíz 0-0: Ball
1-0: Foul Ball, location: 2F
1-1: DOUBLE (Flyball, 8LM)
Rich Crabtree scores
John Hill to third
Batting: RHB Walt McDonald 0-0: Called Strike
0-1: Ball
1-1: Ground out 6-3 (Groundball, 6M)
John Hill scores
Jorge Ortíz to third
Batting: SHB Cornell Payne 0-0: Ball
1-0: Called Strike
1-1: Swinging Strike
1-2: Ball
2-2: Foul Ball, location: 2F
2-2: Fly out, F9 (Flyball, 89M)
Batting: SHB Woody Stanley 0-0: Foul Ball, location: 2F
0-1: Called Strike
0-2: Ball
1-2: Strikes out looking
Top of the 4th over - 3 run(s), 3 hit(s), 0 error(s), 1 left on base; Shelby HS 4 - Bishop Verot HS 2
BOTTOM OF THE 4TH
Bishop Verot HS batting - Pitching for Shelby HS Rockets : RHP Matt Barlow
Batting: RHB Peter Bishop 0-0: SINGLE (Groundball, 56)
Batting: RHB Kevin Smith 0-0: Ball
1-0: Fly out, F4 (Popup, 4D)
Batting: LHB Sandro Márquez 0-0: Ball
Peter Bishop steals 2nd base
1-0: Ball
2-0: Ball
3-0: Base on Balls
Batting: RHB Reynaldo Gómez 0-0: SINGLE (Line Drive, 6D)
Peter Bishop to third
Sandro Márquez to second
Runner from 3rd tries for Home, SAFE, throw made at trailing runner, SAFE at third!
Batting: RHB Vincent Hancock 0-0: Ball
1-0: Foul Ball, location: 2F
1-1: Ball
2-1: Ball
3-1: Fly out, F3 (Popup, 4)
Batting: RHB Luis Morales 0-0: Called Strike
0-1: Called Strike
0-2: Strikes out looking
Bottom of the 4th over - 1 run(s), 2 hit(s), 0 error(s), 2 left on base; Shelby HS 4 - Bishop Verot HS 3
TOP OF THE 5TH
Shelby HS Rockets batting - Pitching for Bishop Verot HS : LHP Ray Morgan
Batting: RHB Fernando Vargas 0-0: Reached on error, E5 (Groundball, 56)
Batting: RHB Tommy Davenport 0-0: 2-RUN HOME RUN (Flyball, 7D), Distance : 368 ft
Batting: RHB Jake Erickson 0-0: Ball
1-0: Foul Ball, location: 2F
1-1: Ground out 4-3 (Groundball, 4)
Batting: RHB Rich Crabtree 0-0: Ball
1-0: Foul Ball, location: 2F
1-1: Ball
2-1: Fly out, F3 (Popup, 3SF)
Batting: RHB John Hill 0-0: Ball
1-0: Called Strike
1-1: Swinging Strike
1-2: Strikes out swinging
Top of the 5th over - 2 run(s), 1 hit(s), 1 error(s), 0 left on base; Shelby HS 6 - Bishop Verot HS 3
BOTTOM OF THE 5TH
Bishop Verot HS batting - Pitching for Shelby HS Rockets : RHP Matt Barlow
Batting: RHB Nick Vogel 0-0: Ball
1-0: Ground out 6-3 (Groundball, 6)
Batting: RHB Kevin Magee 0-0: Called Strike
0-1: Ball
1-1: Fly out, F2 (Popup, 2RF)
Batting: RHB Terry Perkins 0-0: SINGLE (Line Drive, 34)
Batting: RHB Peter Bishop 0-0: Fly out, F8 (Flyball, 8LM)
Bottom of the 5th over - 0 run(s), 1 hit(s), 0 error(s), 1 left on base; Shelby HS 6 - Bishop Verot HS 3
TOP OF THE 6TH
Shelby HS Rockets batting - Pitching for Bishop Verot HS : LHP Ray Morgan
Pitching: RHP John Harris
Batting: RHB Jorge Ortíz 0-0: Fly out, F6 (Flyball, 7S)
Batting: RHB Walt McDonald 0-0: Ball
1-0: Foul Ball, location: 2F
1-1: Ball
2-1: Reached on error, E5 (Groundball, 56)
Batting: SHB Cornell Payne 0-0: Swinging Strike
0-1: Fly out, F8 (Flyball, 8LM)
Batting: SHB Woody Stanley 0-0: Swinging Strike
0-1: SINGLE (Line Drive, 6MD)
Walt McDonald to second
Runner from 2nd tries for 3rd, SAFE, throw made to third
Woody Stanley to second
Batting: RHB Fernando Vargas 0-0: Called Strike
0-1: Ball
1-1: Ball
2-1: Ball
3-1: Called Strike
3-2: Base on Balls
Batting: RHB Tommy Davenport 0-0: Fly out, F9 (Flyball, 89M)
Top of the 6th over - 0 run(s), 1 hit(s), 1 error(s), 3 left on base; Shelby HS 6 - Bishop Verot HS 3
BOTTOM OF THE 6TH
Bishop Verot HS batting - Pitching for Shelby HS Rockets : RHP Matt Barlow
Batting: RHB Kevin Smith 0-0: Ball
1-0: Called Strike
1-1: Ball
2-1: Ball
3-1: Base on Balls
Batting: LHB Sandro Márquez 0-0: Called Strike
0-1: Ball
1-1: Ball
2-1: Called Strike
2-2: Foul Ball, location: 2F
2-2: Strikes out swinging
Pitching: RHP Bob Browning
Batting: RHB Reynaldo Gómez 0-0: Ball
1-0: Ball
2-0: Foul Ball, location: 2F
2-1: Foul Ball, location: 2F
2-2: Fly out, F8 (Flyball, 8RM)
Batting: RHB Vincent Hancock 0-0: Called Strike
Throwing error on steal attempt, E2
Kevin Smith to third
0-1: Foul Ball, location: 2F
0-2: Ball
1-2: SINGLE (Groundball, 5)
Kevin Smith scores
Batting: RHB Luis Morales 0-0: Called Strike
0-1: Swinging Strike
0-2: Ball
1-2: Foul Ball, location: 2F
1-2: Ball
Vincent Hancock steals 2nd base
2-2: Ball
3-2: Fly out, F7 (Flyball, 7M)
Bottom of the 6th over - 1 run(s), 1 hit(s), 1 error(s), 1 left on base; Shelby HS 6 - Bishop Verot HS 4
TOP OF THE 7TH
Shelby HS Rockets batting - Pitching for Bishop Verot HS : RHP John Harris
Batting: RHB Jake Erickson 0-0: Ball
1-0: Ball
2-0: Swinging Strike
2-1: Foul Ball, location: 2F
2-2: Foul Ball, location: 2F
2-2: Foul Ball, location: 2F
2-2: Strikes out swinging
Batting: RHB Rich Crabtree 0-0: Called Strike
0-1: Ball
1-1: SINGLE (Flyball, 7S)
Batting: RHB John Hill 0-0: Ball
1-0: Reached on error, E4 (Groundball, 4M)
Rich Crabtree to third
Batting: RHB Jorge Ortíz 0-0: Ball
1-0: Called Strike
1-1: Foul Ball, location: 2F
1-2: Reached on error, E5 (Groundball, 5S)
Rich Crabtree scores
John Hill scores
Batting: RHB Walt McDonald 0-0: Ball
1-0: DOUBLE (Line Drive, 5D)
Jorge Ortíz scores
Batting: SHB Cornell Payne 0-0: Ball
1-0: Ball
2-0: Foul Ball, location: 2F
2-1: Foul Ball, location: 2F
2-2: Ball
3-2: Foul Ball, location: 2F
3-2: Ground out 3-1 (Groundball, 34S)
Walt McDonald to third
Pitching: RHP Bryan Smith
Batting: SHB Woody Stanley 0-0: Called Strike
0-1: Fly out, F7 (Flyball, 78M)
Top of the 7th over - 3 run(s), 2 hit(s), 2 error(s), 1 left on base; Shelby HS 9 - Bishop Verot HS 4
BOTTOM OF THE 7TH
Bishop Verot HS batting - Pitching for Shelby HS Rockets : RHP Bob Browning
Batting: RHB Nick Vogel 0-0: Ground out 6-3 (Groundball, 6M)
Batting: RHB Kevin Magee 0-0: Ball
1-0: Ground out 5-3 (Groundball, 5)
Batting: RHB Terry Perkins 0-0: Swinging Strike
0-1: SOLO HOME RUN (Flyball, 7D), Distance : 386 ft
Batting: RHB Peter Bishop 0-0: Called Strike
0-1: Ball
1-1: Foul Ball, location: 2F
1-2: Ground out 5-3 (Groundball, 56S)
Bottom of the 7th over - 1 run(s), 1 hit(s), 0 error(s), 0 left on base; Shelby HS 9 - Bishop Verot HS 5
TOP OF THE 8TH
Shelby HS Rockets batting - Pitching for Bishop Verot HS : RHP Bryan Smith
Batting: RHB Fernando Vargas 0-0: Called Strike
0-1: Ball
1-1: Foul Ball, location: 2F
1-2: Ball
2-2: Foul Ball, location: 2F
2-2: Foul Ball, location: 2F
2-2: Ball
3-2: Strikes out swinging
Batting: RHB Tommy Davenport 0-0: Foul Ball, location: 2F
0-1: SINGLE (Line Drive, 8LS)
Batting: RHB Jake Erickson 0-0: Called Strike
0-1: Ball
1-1: Foul Ball, location: 2F
1-2: Ball
2-2: Foul Ball, location: 2F
2-2: Strikes out swinging
Batting: RHB Rich Crabtree 0-0: Foul Ball, location: 2F
0-1: Called Strike
0-2: Ball
1-2: Ball
2-2: Ball
3-2: Foul Ball, location: 2F
3-2: DOUBLE (Line Drive, 9LM)
Tommy Davenport to third
Tommy Davenport scores
Batting: RHB John Hill 0-0: Ball
1-0: Called Strike
1-1: Ball
2-1: Ball
3-1: Foul Ball, location: 2F
3-2: Foul Ball, location: 2F
3-2: SINGLE (Line Drive, 7S)
Rich Crabtree to third
Rich Crabtree scores
Batting: RHB Jorge Ortíz 0-0: SINGLE (Line Drive, 4MD)
John Hill to second
Batting: RHB Walt McDonald 0-0: Ball
1-0: Ground out 5-3 (Groundball, 56S)
Top of the 8th over - 2 run(s), 4 hit(s), 0 error(s), 2 left on base; Shelby HS 11 - Bishop Verot HS 5
BOTTOM OF THE 8TH
Bishop Verot HS batting - Pitching for Shelby HS Rockets : RHP Bob Browning
Batting: RHB Kevin Smith 0-0: Called Strike
0-1: Ball
1-1: Foul Ball, location: 2F
1-2: Foul Ball, location: 2F
1-2: SINGLE (Line Drive, 7S)
Batting: LHB Sandro Márquez 0-0: Ball
1-0: SINGLE (Groundball, 4MD)
Kevin Smith to second
Runner from 2nd tries for 3rd, SAFE, no throw or cutoff
Batting: RHB Reynaldo Gómez 0-0: Called Strike
0-1: Called Strike
0-2: SINGLE (Line Drive, 8LS)
Kevin Smith scores
Sandro Márquez to second
Batting: RHB Vincent Hancock 0-0: Ball
1-0: Called Strike
1-1: Foul Ball, location: 2F
1-2: Ball
2-2: Strikes out swinging
Pitching: RHP Neil Adams
Batting: RHB Luis Morales 0-0: Swinging Strike
0-1: Foul Ball, location: 2F
0-2: Ball
1-2: Foul Ball, location: 2F
1-2: Ball
2-2: SINGLE (Line Drive, 78S)
Sandro Márquez to third
Reynaldo Gómez to second
Runner from 3rd tries for Home, SAFE, no throw or cutoff
Pitching: LHP Bernardo Dodson
Batting: RHB Nick Vogel 0-0: Grounds into double play, 6-4-3 (Groundball, 6)
Bottom of the 8th over - 2 run(s), 4 hit(s), 0 error(s), 1 left on base; Shelby HS 11 - Bishop Verot HS 7
TOP OF THE 9TH
Shelby HS Rockets batting - Pitching for Bishop Verot HS : RHP Bryan Smith
Batting: SHB Cornell Payne 0-0: Foul Ball, location: 2F
0-1: Ball
1-1: Ball
2-1: Fly out, F2 (Popup, 2LF)
Batting: SHB Woody Stanley 0-0: Foul Ball, location: 2F
0-1: Foul Ball, location: 2F
0-2: Fly out, F7 (Flyball, 78M)
Batting: RHB Fernando Vargas 0-0: Foul Ball, location: 2F
0-1: Foul Ball, location: 2F
0-2: Ball
1-2: Foul Ball, location: 2F
1-2: Strikes out swinging
Top of the 9th over - 0 run(s), 0 hit(s), 0 error(s), 0 left on base; Shelby HS 11 - Bishop Verot HS 7
BOTTOM OF THE 9TH
Bishop Verot HS batting - Pitching for Shelby HS Rockets : LHP Bernardo Dodson
Batting: RHB Kevin Magee 0-0: Ball
1-0: SINGLE (Line Drive, 6D)
Batting: RHB Terry Perkins 0-0: Ball
1-0: Ball
2-0: SINGLE (Line Drive, 9LS)
Kevin Magee to second
Runner from 2nd tries for 3rd, SAFE, throw made to third
Pitching: RHP Eddy Jackson
Batting: RHB Peter Bishop 0-0: Called Strike
0-1: Fly out, F7 (Flyball, 7M)
Throwing error, E7
Kevin Magee scores
Terry Perkins to second
Batting: RHB Kevin Smith 0-0: Foul Ball, location: 2F
0-1: Swinging Strike
0-2: Ball
1-2: Ground out 5-3 (Groundball, 56)
Batting: LHB Sandro Márquez 0-0: Ball
1-0: Fly out, F3 (Line Drive, 34)
Bottom of the 9th over - 1 run(s), 2 hit(s), 1 error(s), 1 left on base; Shelby HS 11 - Bishop Verot HS 8
This league is powered by Out of the Park Baseball, the baseball management simulation game for PC, Mac and Linux
Wednesday, December 2nd, 2015 - OOTP Baseball 16.8 Build 38